[Event "December 12 Early 2023"]
[Site "https://www.chess.com"]
[Date "2023.12.12"]
[Round "2"]
[White "Lakshmi C"]
[Black "Dilmukhametov, Artur"]
[Result "0-1"]
[Board "217"]
[TimeControl "180+1"]
[WhiteFideId "25035347"]
[BlackFideId "24179922"]
[WhiteElo "2075"]
[BlackElo "2442"]
[WhiteTeam "IND"]
[BlackTeam "RUS"]
[WhiteClock "0:00:00"]
[BlackClock "0:00:45"]

1. e4 e5 2. Nf3 d5 3. exd5 e4 4. Ne5 Qxd5 5. d4 exd3 6. Nxd3 Nf6 7. Nc3 Qe6+ 8. Be2 Bd6 9. Nf4 Qe7 10. Nfd5 Nxd5 11. Nxd5 Qe6 12. O-O O-O 13. Bc4 Qe4 14. Bd3 Qh4 15. g3 Qg4 16. Be2 Qg6 17. Bf4 Nc6 18. Nxc7 Bxf4 19. Nxa8 Bh3 0-1

[Event "December 12 Early 2023"]
[Site "https://www.chess.com"]
[Date "2023.12.12"]
[Round "2"]
[White "Filipovic, Slobodan J"]
[Black "Nikulina, Alena"]
[Result "1-0"]
[Board "218"]
[TimeControl "180+1"]
[WhiteFideId "939633"]
[BlackFideId "4172051"]
[WhiteElo "2442"]
[BlackElo "2043"]
[WhiteTeam "SRB"]
[BlackTeam "RUS"]
[WhiteClock "0:02:03"]
[BlackClock "0:01:02"]

1. c4 e5 2. Nc3 Nf6 3. Nf3 Nc6 4. e4 Bc5 5. Nxe5 Bxf2+ 6. Kxf2 Nxe5 7. d4 Ng6 8. e5 Ng8 9. Qh5 Qh4+ 10. Qxh4 Nxh4 11. Nd5 Kd8 12. Bg5+ f6 13. Bxh4 c6 14. exf6 gxf6 15. Nxf6 1-0

[Event "December 12 Early 2023"]
[Site "https://www.chess.com"]
[Date "2023.12.12"]
[Round "2"]
[White "Perez Cruz, Adianet"]
[Black "Pourkashiyan, Atousa"]
[Result "0-1"]
[Board "219"]
[TimeControl "180+1"]
[WhiteFideId "3510115"]
[BlackFideId "12502014"]
[WhiteElo "2042"]
[BlackElo "2431"]
[WhiteTeam "CUB"]
[BlackTeam "USA"]
[WhiteClock "0:00:19"]
[BlackClock "0:00:14"]

1. d4 Nf6 2. Bg5 e6 3. Bxf6 Qxf6 4. c3 b6 5. Nd2 Bb7 6. Ngf3 d6 7. g3 Nd7 8. Bg2 g6 9. a4 Bg7 10. a5 c5 11. O-O O-O 12. a6 Bc6 13. Nc4 Qe7 14. dxc5 dxc5 15. Qc2 Rad8 16. Rfd1 Nf6 17. Nfe5 Bxg2 18. Kxg2 Qc7 19. Nf3 Nd5 20. Rd2 Ne7 21. Rad1 Nc6 22. Na3 Bf6 23. b4 cxb4 24. cxb4 Rxd2 25. Rxd2 Qc8 26. b5 Ne5 27. Nxe5 Bxe5 28. Nc4 Bb8 29. Ne3 Qe8 30. Qd3 Qe7 31. Ng4 h5 32. Ne3 Qb4 33. Qd7 Qc5 34. Qc6 Qb4 35. Rd3 h4 36. Nc4 Qe1 37. Nd6 Qxe2 38. Re3 h3+ 39. Kxh3 Qxf2 40. Rf3 Qd4 41. Nxf7 Qg7 42. Ng5 Qh6+ 43. Kg4 Qh5# 0-1

[Event "December 12 Early 2023"]
[Site "https://www.chess.com"]
[Date "2023.12.12"]
[Round "2"]
[White "Saim, Mohamed Ilias"]
[Black "Dmitrenko, Viktor"]
[Result "0-1"]
[Board "220"]
[TimeControl "180+1"]
[WhiteFideId "7900465"]
[BlackFideId "14110270"]
[WhiteElo "2039"]
[BlackElo "2429"]
[WhiteTeam "ALG"]
[BlackTeam "UKR"]
[WhiteClock "0:00:04"]
[BlackClock "0:00:35"]

1. d4 e6 2. c4 Nf6 3. Nf3 d5 4. e3 a6 5. Nbd2 c5 6. b3 cxd4 7. Nxd4 Nc6 8. N2f3 Bb4+ 9. Bd2 Bd6 10. cxd5 exd5 11. Bd3 O-O 12. O-O Bg4 13. Be2 Ne4 14. Rc1 Qf6 15. Nxc6 bxc6 16. h3 Bd7 17. Bd3 Rfe8 18. Kh1 a5 19. Rc2 c5 20. Qe2 a4 21. bxa4 Bxa4 22. Rb2 Qxb2 0-1

[Event "December 12 Early 2023"]
[Site "https://www.chess.com"]
[Date "2023.12.12"]
[Round "2"]
[White "Goldin, Roman"]
[Black "Sailer, Mike"]
[Result "1-0"]
[Board "221"]
[TimeControl "180+1"]
[WhiteFideId "2803860"]
[BlackFideId "2012901"]
[WhiteElo "2429"]
[BlackElo "2039"]
[WhiteTeam "ISR"]
[BlackTeam "USA"]
[WhiteClock "0:00:16"]
[BlackClock "0:00:00"]

1. e4 d5 2. exd5 Qxd5 3. Nc3 Qd6 4. Nf3 c6 5. g3 Bf5 6. Bg2 e6 7. O-O Nf6 8. Re1 Be7 9. d3 O-O 10. a3 a5 11. Bf4 Qd8 12. Qe2 Nbd7 13. h3 h6 14. g4 Bh7 15. Ne5 Nxe5 16. Bxe5 Bd6 17. f4 Bxe5 18. fxe5 Qb6+ 19. Kh1 Nd5 20. Nd1 Nf4 21. Qf3 Nxg2 22. Kxg2 Qc5 23. Re2 f6 24. exf6 Rxf6 25. Qe3 Qd5+ 26. Kh2 Raf8 27. Nc3 Qd6+ 28. Kg2 Qe7 29. Rae1 Qf7 30. Nd1 Kh8 31. Qe5 Qd7 32. Qxa5 Qd4 33. Qe5 Qa7 34. Re3 Bg8 35. h4 Rf4 36. Kg3 Qb8 37. Qxb8 1-0

[Event "December 12 Early 2023"]
[Site "https://www.chess.com"]
[Date "2023.12.12"]
[Round "2"]
[White "Hoffmann, Asa"]
[Black "Olcayoz, Gizem"]
[Result "1-0"]
[Board "222"]
[TimeControl "180+1"]
[WhiteFideId "2001470"]
[BlackFideId "6301444"]
[WhiteElo "2426"]
[BlackElo "2030"]
[WhiteTeam "USA"]
[BlackTeam "TUR"]
[WhiteClock "0:00:19"]
[BlackClock "0:00:00"]

1. d4 e6 2. e4 d5 3. e5 c5 4. Nf3 Nc6 5. Bd3 cxd4 6. O-O Bd7 7. Bf4 Nb4 8. Nxd4 Nxd3 9. Qxd3 Ne7 10. Nd2 Qb6 11. c3 Nc6 12. N2f3 Nxd4 13. Nxd4 Bc5 14. Rab1 Bxd4 15. Qxd4 Qxd4 16. cxd4 Rc8 17. Rfc1 Ke7 18. Kf1 Bb5+ 19. Ke1 Kd7 20. Rc3 Rc4 21. Be3 Rhc8 22. Kd2 Ba6 23. f4 g6 24. g4 Ke7 25. h4 Kd7 26. Rh1 Rxc3 27. bxc3 Rc4 28. h5 Ra4 29. hxg6 hxg6 30. Rh7 Ke8 31. f5 gxf5 32. gxf5 Rxa2+ 33. Kc1 Bd3 34. Rh8+ Kd7 35. Rf8 Ke7 36. Rb8 Bxf5 37. Rxb7+ Ke8 38. Bg5 Rc2+ 39. Kd1 Rxc3 40. Rxa7 Rd3+ 41. Ke2 Rxd4 42. Re7+ Kf8 43. Bf6 Bg6 44. Ra7 Bh5+ 45. Ke3 Re4+ 46. Kd3 Kg8 47. Ra8+ Kh7 48. Rf8 Ra4 49. Ke3 Rc4 50. Kf2 Ra4 51. Kg3 Rc4 52. Kh3 Ra4 53. Rc8 Rc4 54. Rd8 Ra4 55. Kg3 Rc4 56. Kf2 Kg6 57. Rg8+ Kf5 58. Rg5+ Kf4 59. Rxh5 d4 60. Ke2 Rc3 61. Rh4+ Kg3 62. Rxd4 Ra3 63. Rd7 Ra2+ 64. Kd3 Ra3+ 65. Kc4 Ra4+ 66. Kc5 Ra5+ 67. Kc6 1-0

[Event "December 12 Early 2023"]
[Site "https://www.chess.com"]
[Date "2023.12.12"]
[Round "2"]
[White "Porozhnyak, Maya"]
[Black "Bongo Akanga Ndjila, Barthelemy"]
[Result "1-0"]
[Board "223"]
[TimeControl "180+1"]
[WhiteFideId "34115843"]
[BlackFideId "10609431"]
[WhiteElo "2422"]
[BlackElo "2016"]
[WhiteTeam "RUS"]
[BlackTeam "GAB"]
[WhiteClock "0:00:55"]
[BlackClock "0:00:31"]

1. e4 e6 2. d4 d5 3. exd5 exd5 4. Qf3 Nc6 5. c3 Nf6 6. h3 Bd6 7. Bd3 h6 8. Ne2 O-O 9. g4 Re8 10. g5 hxg5 11. Bxg5 Be7 12. Nd2 Ne4 13. Nxe4 Bxg5 14. Nxg5 Qxg5 15. h4 Qh6 16. Qxd5 Bg4 17. Qg5 Qe6 18. Rg1 f5 19. d5 Qxd5 20. Rxg4 Re7 21. Bc4 Rxe2+ 22. Kxe2 Re8+ 23. Kf1 1-0

[Event "December 12 Early 2023"]
[Site "https://www.chess.com"]
[Date "2023.12.12"]
[Round "2"]
[White "Reinecke, Katharina"]
[Black "Begunov, Konstantin"]
[Result "0-1"]
[Board "224"]
[TimeControl "180+1"]
[WhiteFideId "12929727"]
[BlackFideId "4118510"]
[WhiteElo "2006"]
[BlackElo "2421"]
[WhiteTeam "GER"]
[BlackTeam "RUS"]
[WhiteClock "0:00:00"]
[BlackClock "0:00:43"]

1. d4 d5 2. c4 c6 3. Nf3 Nf6 4. g3 Bf5 5. Bg2 e6 6. O-O Nbd7 7. Nc3 Bd6 8. b3 Qe7 9. Bb2 Ne4 10. Nd2 Nxd2 11. Qxd2 Nf6 12. Rac1 O-O 13. h3 Bb4 14. Qe3 h6 15. Kh2 Rfd8 16. c5 Re8 17. a3 Ba5 18. b4 Bc7 19. f4 b6 20. Qd2 bxc5 21. bxc5 Rab8 22. e3 Ba5 23. Qe2 Rb3 24. Nd1 Reb8 25. Ra1 Ne4 26. Bxe4 Bxe4 27. Ra2 Bd3 28. Qf2 Bxf1 29. Qxf1 Qb7 30. Qe2 Qb5 31. Qxb5 R8xb5 32. g4 Rd3 33. Nf2 Rd2 34. Kg3 Rbxb2 35. Rxb2 Rxb2 0-1

[Event "December 12 Early 2023"]
[Site "https://www.chess.com"]
[Date "2023.12.12"]
[Round "2"]
[White "Latorre, Vincent"]
[Black "Donatti, Alvaro"]
[Result "1-0"]
[Board "225"]
[TimeControl "180+1"]
[WhiteFideId "2636891"]
[BlackFideId "3000303"]
[WhiteElo "2421"]
[BlackElo "1989"]
[WhiteTeam "CAN"]
[BlackTeam "URU"]
[WhiteClock "0:01:21"]
[BlackClock "0:01:15"]

1. e4 c5 2. Nf3 e6 3. d4 cxd4 4. Nxd4 a6 5. Bd3 Nc6 6. Nxc6 dxc6 7. O-O e5 8. Kh1 Nf6 9. f4 Qb6 10. Nc3 Ng4 11. Qf3 Qc7 12. h3 Nf6 13. fxe5 Qxe5 14. Bf4 Qe6 15. e5 Nd5 16. Bc4 Bc5 17. Nxd5 cxd5 18. Bxd5 Qe7 19. Bg5 Qxg5 20. Qxf7+ Kd8 21. Rad1 Bg4 22. Be6+ Bxd1 23. Qd7# 1-0

[Event "December 12 Early 2023"]
[Site "https://www.chess.com"]
[Date "2023.12.12"]
[Round "2"]
[White "Rios Escobar, Adan"]
[Black "Gazineu Neto, Rubens"]
[Result "1-0"]
[Board "226"]
[TimeControl "180+1"]
[WhiteFideId "3403645"]
[BlackFideId "2174685"]
[WhiteElo "2420"]
[BlackElo "1977"]
[WhiteTeam "CHI"]
[BlackTeam "BRA"]
[WhiteClock "0:00:45"]
[BlackClock "0:00:01"]

1. Nf3 d5 2. e3 c5 3. c4 e6 4. cxd5 exd5 5. Nc3 Nf6 6. d4 Nc6 7. Be2 Bd6 8. dxc5 Bxc5 9. O-O O-O 10. b3 d4 11. Na4 b6 12. Nxc5 bxc5 13. Ba3 Qa5 14. Qc1 dxe3 15. Qxc5 exf2+ 16. Rxf2 Qxc5 17. Bxc5 Re8 18. Bb5 Bb7 19. Rc2 a6 20. Bc4 Ne4 21. Ba3 Rac8 22. Rf1 Nf6 23. Bb2 Nb4 24. Rd2 Rcd8 25. Rfd1 Rxd2 26. Rxd2 Re1+ 27. Nxe1 1-0

[Event "December 12 Early 2023"]
[Site "https://www.chess.com"]
[Date "2023.12.12"]
[Round "2"]
[White "Thake, Conrad"]
[Black "Sahin, Sarp"]
[Result "0-1"]
[Board "227"]
[TimeControl "180+1"]
[WhiteFideId "5602947"]
[BlackFideId "51605066"]
[WhiteElo "1967"]
[BlackElo "2418"]
[WhiteTeam "MLT"]
[BlackTeam "TUR"]
[WhiteClock "0:01:32"]
[BlackClock "0:02:22"]

1. e4 c6 2. d4 d5 3. Nc3 dxe4 4. Nxe4 Nf6 5. Nxf6+ exf6 6. Nf3 Bd6 7. Bd3 O-O 8. O-O Re8 9. Be3 Bd7 10. h3 Be6 11. c3 Nd7 12. Qd2 Nf8 13. Rfe1 Ng6 14. a4 Bd5 15. Nh2 Bxh2+ 16. Kxh2 Nh4 17. f3 Bxf3 18. Qf2 Nxg2 19. Qxf3 Nxe1 20. Rxe1 Qd6+ 21. Bf4 Qd5 22. Qxd5 cxd5 23. Rg1 g6 24. Bb5 Re7 25. Bd6 Re6 26. Bf4 a6 27. Bd3 Rae8 28. Kg3 Re3+ 29. Bxe3 Rxe3+ 30. Kg4 Rxd3 31. Re1 f5+ 32. Kh4 h6 33. Re8+ Kg7 34. Re7 g5+ 35. Kh5 Rxh3# 0-1

[Event "December 12 Early 2023"]
[Site "https://www.chess.com"]
[Date "2023.12.12"]
[Round "2"]
[White "genialdama"]
[Black "Sari, Yasin"]
[Result "0-1"]
[Board "228"]
[TimeControl "180+1"]
[BlackFideId "6320902"]
[WhiteElo "1924"]
[BlackElo "2417"]
[BlackTeam "TUR"]
[WhiteClock "0:01:15"]
[BlackClock "0:01:05"]

1. e4 e5 2. Nf3 Nc6 3. Bb5 a6 4. Ba4 Nf6 5. d3 b5 6. Bb3 Be7 7. c3 O-O 8. O-O d6 9. Nbd2 Na5 10. Bc2 c5 11. Re1 Re8 12. Nf1 Bf8 13. Ng3 g6 14. a4 b4 15. Bg5 h6 16. Be3 Bg7 17. h3 Rb8 18. Qd2 Kh7 19. d4 Nc4 20. Qe2 Nxe3 21. fxe3 bxc3 22. bxc3 Qa5 23. Qc4 Be6 24. d5 Bd7 25. Reb1 Rec8 26. Bd3 Rxb1+ 27. Rxb1 Qxa4 28. Qxa6 Qxa6 29. Bxa6 Ra8 30. Rb6 Bf8 31. Ne2 Nxe4 32. Bd3 Nf6 33. c4 e4 0-1

[Event "December 12 Early 2023"]
[Site "https://www.chess.com"]
[Date "2023.12.12"]
[Round "3"]
[White "Aronian, Levon"]
[Black "Tatarinov, Dmitry"]
[Result "1-0"]
[Board "1"]
[TimeControl "180+1"]
[WhiteFideId "13300474"]
[BlackFideId "24160067"]
[WhiteElo "3119"]
[BlackElo "2787"]
[WhiteTeam "USA"]
[BlackTeam "RUS"]
[WhiteClock "0:00:34"]
[BlackClock "0:00:12"]

1. e4 c5 2. Nf3 Nc6 3. Bb5 e6 4. Bxc6 bxc6 5. d3 Ne7 6. Nbd2 Ng6 7. h4 h5 8. e5 f6 9. Qe2 d6 10. Qe4 Nxe5 11. Nxe5 fxe5 12. Nc4 Kd7 13. b3 Be7 14. Bd2 Bf6 15. Na5 d5 16. Qa4 Qb6 17. c4 Ke8 18. O-O Bd7 19. Rae1 Kf7 20. f4 Bxh4 21. Rxe5 Bf6 22. Re2 h4 23. f5 exf5 24. cxd5 Rae8 25. Nc4 Rxe2 26. Nxb6 Bd4+ 27. Kh1 h3 28. g3 axb6 29. Qa7 Re7 30. d6 Rhe8 31. dxe7 Be6 32. Bg5 Bd5+ 33. Kh2 b5 34. Qd7 g6 1-0

[Event "December 12 Early 2023"]
[Site "https://www.chess.com"]
[Date "2023.12.12"]
[Round "3"]
[White "Yuan, Qingyu"]
[Black "Nepomniachtchi, Ian"]
[Result "1-0"]
[Board "2"]
[TimeControl "180+1"]
[WhiteFideId "8609772"]
[BlackFideId "4168119"]
[WhiteElo "2781"]
[BlackElo "3114"]
[WhiteTeam "CHN"]
[BlackTeam "RUS"]
[WhiteClock "0:00:08"]
[BlackClock "0:00:05"]

1. e4 c5 2. Nf3 d6 3. Bb5+ Nd7 4. c3 a6 5. Ba4 Nf6 6. Qe2 g6 7. O-O Bg7 8. d4 b5 9. Bc2 Bb7 10. Rd1 Qc7 11. e5 dxe5 12. dxe5 Ng4 13. e6 fxe6 14. h3 Nge5 15. Ng5 O-O 16. f4 Nf7 17. Nxe6 Qc6 18. Nxf8 Rxf8 19. Nd2 Nf6 20. Nf3 Nh5 21. Be3 e5 22. f5 Ng3 23. Qf2 Nxf5 24. Bxc5 Re8 25. Be3 N7d6 26. Bb3+ Kh8 27. Bd5 Qc8 28. Bxb7 Qxb7 29. Re1 Nc4 30. Bc5 e4 31. Nd4 e3 32. Qf3 Qc8 33. Nxf5 Qxf5 34. Qxf5 gxf5 35. b3 Nd2 36. Rxe3 Ne4 37. Bd4 Bxd4 38. cxd4 Kg7 39. Rae1 Rd8 40. g4 Rxd4 41. gxf5 Ng5 42. Rg3 Kf6 43. Rf1 h5 44. Rc3 Rd6 45. Re3 h4 46. Rf2 Rd4 47. Kg2 Ne4 48. Rfe2 Ng3 49. Rf2 Nh5 50. Re6+ Kf7 51. Rxa6 Nf4+ 52. Kh2 Nd5 53. Rd6 Rd3 54. f6 b4 55. Rd7+ Ke6 56. f7 Kxd7 57. f8=Q Kc6 58. Qf5 Rc3 59. Rc2 Kc5 60. Rxc3+ bxc3 61. Qd3 Kb4 62. Qxd5 Ka3 63. Qc4 Kb2 64. b4 c2 65. Qxc2+ Kxc2 66. b5 1-0

[Event "December 12 Early 2023"]
[Site "https://www.chess.com"]
[Date "2023.12.12"]
[Round "3"]
[White "Andreikin, Dmitry"]
[Black "Gan-Erdene, Sugar"]
[Result "1-0"]
[Board "3"]
[TimeControl "180+1"]
[WhiteFideId "4158814"]
[BlackFideId "4902980"]
[WhiteElo "3090"]
[BlackElo "2780"]
[WhiteTeam "FID"]
[BlackTeam "MGL"]
[WhiteClock "0:01:23"]
[BlackClock "0:00:32"]

1. d4 Nf6 2. c4 e6 3. Nf3 d5 4. Bg5 Bb4+ 5. Nc3 h6 6. Bxf6 Qxf6 7. Qa4+ Nc6 8. e3 dxc4 9. Bxc4 O-O 10. O-O Bxc3 11. bxc3 Bd7 12. Qa3 Qe7 13. Qb2 b6 14. Rad1 Rad8 15. Rfe1 Na5 16. Bd3 c5 17. Ne5 Be8 18. Bb1 Nc6 19. Qc2 g6 20. Nf3 Qf6 21. Qc1 Kg7 22. Qa3 Qe7 23. Qb2 Qf6 24. h4 Na5 25. dxc5 bxc5 26. Qa3 Rxd1 27. Rxd1 Nb7 28. Be4 Nd8 29. Qxc5 Ba4 30. Rd4 Be8 31. Ne5 h5 32. g3 Rg8 33. f4 a6 34. a4 a5 35. Qxa5 1-0

[Event "December 12 Early 2023"]
[Site "https://www.chess.com"]
[Date "2023.12.12"]
[Round "3"]
[White "Lagarde, Maxime"]
[Black "Le, Tuan Minh"]
[Result "0-1"]
[Board "4"]
[TimeControl "180+1"]
[WhiteFideId "662399"]
[BlackFideId "12401153"]
[WhiteElo "2778"]
[BlackElo "3079"]
[WhiteTeam "FRA"]
[BlackTeam "VIE"]
[WhiteClock "0:00:11"]
[BlackClock "0:00:33"]

1. d4 d5 2. Nf3 Nf6 3. Bf4 c5 4. e3 Qb6 5. Nbd2 cxd4 6. exd4 Nc6 7. Nb3 Bg4 8. Be2 e6 9. O-O Be7 10. a4 a6 11. a5 Qd8 12. Ne5 Bxe2 13. Qxe2 Rc8 14. Nd3 O-O 15. c3 Bd6 16. Bxd6 Qxd6 17. Nbc5 Rc7 18. b4 Na7 19. Ne5 Nb5 20. Rac1 Qe7 21. f3 Ne8 22. Kh1 Ned6 23. Rfe1 Re8 24. Qd3 f6 25. Ng4 Qf7 26. Re2 Rce7 27. Rce1 Nc4 28. Ne3 Nbd6 29. Nxc4 Nxc4 30. Kg1 h6 31. f4 Nd6 32. Qh3 f5 33. Re5 Ne4 34. Nxe4 dxe4 35. g4 Rf8 36. gxf5 exf5 37. Qe3 Rxe5 38. fxe5 Qh5 39. e6 Qg6+ 40. Kh1 Qxe6 41. Rg1 f4 0-1

[Event "December 12 Early 2023"]
[Site "https://www.chess.com"]
[Date "2023.12.12"]
[Round "3"]
[White "Pranav, V"]
[Black "Mamedov, Edgar"]
[Result "0-1"]
[Board "5"]
[TimeControl "180+1"]
[WhiteFideId "25060783"]
[BlackFideId "13739980"]
[WhiteElo "3068"]
[BlackElo "2774"]
[WhiteTeam "IND"]
[BlackTeam "KAZ"]
[WhiteClock "0:00:01"]
[BlackClock "0:00:05"]

1. e4 c5 2. Nf3 e6 3. d4 cxd4 4. Nxd4 Nf6 5. Nc3 Nc6 6. Ndb5 Bc5 7. Bf4 O-O 8. Bd6 b6 9. Be2 a6 10. Bxc5 bxc5 11. Nd6 Rb8 12. Rb1 Rb4 13. Bd3 Rd4 14. Nxc8 Qxc8 15. Ne2 Rb4 16. c3 Rb6 17. O-O Qb7 18. b3 Ne5 19. Bc2 Nxe4 20. Qe1 Nf6 21. Rd1 d5 22. Nf4 Ned7 23. Qe3 Qc7 24. Rfe1 a5 25. h3 c4 26. Qg3 cxb3 27. axb3 Rc6 28. Re3 Rc8 29. Rc1 d4 30. Rd3 Rxc3 31. Rxc3 dxc3 32. Rd1 Nb6 33. Qh4 h6 34. Nh5 Nbd5 35. Nxf6+ Nxf6 36. Qd4 Kf8 37. Qd3 Qc5 38. Qa6 Nd5 39. Qe2 Nb4 40. Rd7 Rc7 41. Rd8+ Ke7 42. Ra8 Nxc2 43. Qxc2 Qd5 44. Rb8 Qd2 45. Qe4 c2 46. Qh4+ g5 47. Qxh6 c1=Q+ 48. Kh2 Qf4+ 0-1

[Event "December 12 Early 2023"]
[Site "https://www.chess.com"]
[Date "2023.12.12"]
[Round "3"]
[White "Gabrielian, Artur"]
[Black "Duda, Jan-Krzysztof"]
[Result "1-0"]
[Board "6"]
[TimeControl "180+1"]
[WhiteFideId "4131002"]
[BlackFideId "1170546"]
[WhiteElo "2766"]
[BlackElo "3061"]
[WhiteTeam "RUS"]
[BlackTeam "POL"]
[WhiteClock "0:00:15"]
[BlackClock "0:00:00"]

1. e4 e5 2. Nf3 Nc6 3. Nc3 Nf6 4. Bb5 Bb4 5. O-O O-O 6. d3 Bxc3 7. bxc3 d6 8. Bg5 Ne7 9. Bxf6 gxf6 10. Nh4 Ng6 11. Qh5 Nxh4 12. Qxh4 f5 13. Qh6 f4 14. d4 Kh8 15. Bc4 Qe7 16. Kh1 Rg8 17. dxe5 Rg6 18. Qxf4 dxe5 19. Qxf7 Qxf7 20. Bxf7 Rc6 21. c4 Kg7 22. Bd5 Rc5 23. f4 c6 24. fxe5 cxd5 25. cxd5 Bg4 26. Rf4 Bh5 27. Raf1 Rxc2 28. e6 Rd8 29. h4 Re2 30. Rc1 Bg6 31. Rc7+ Kh6 32. e7 Rg8 33. Rf6 Kh5 34. Rf8 Rg7 35. e8=Q Bxe8 36. Rxg7 Bg6 37. Rf4 Bxe4 38. Rg5+ Kh6 39. Rf6+ Bg6 40. d6 Re4 41. g3 Rd4 42. Re5 Kg7 43. Rfe6 Bf7 44. Re7 Kf6 45. d7 Bd5+ 46. Kh2 Bc6 47. R5e6+ Kf5 48. Rxc6 bxc6 49. Rxh7 c5 50. Rh5+ Kf6 51. Rxc5 Rxd7 52. Ra5 Rb7 53. Kh3 Ke6 54. h5 Kd6 55. Kh4 Kc6 56. g4 Kb6 57. Rf5 Re7 58. h6 Re2 59. Kg5 Rxa2 60. Kg6 Rh2 61. Rh5 Rg2 62. g5 Rc2 63. h7 Rc6+ 64. Kf5 Rc5+ 65. Ke4 Rc4+ 66. Kd3 Rc8 67. h8=Q 1-0

[Event "December 12 Early 2023"]
[Site "https://www.chess.com"]
[Date "2023.12.12"]
[Round "3"]
[White "Goh, Wei Ming Kevin"]
[Black "Oparin, Grigoriy"]
[Result "0-1"]
[Board "7"]
[TimeControl "180+1"]
[WhiteFideId "5800706"]
[BlackFideId "24125890"]
[WhiteElo "2761"]
[BlackElo "3054"]
[WhiteTeam "SGP"]
[BlackTeam "USA"]
[WhiteClock "0:00:13"]
[BlackClock "0:00:23"]

1. e4 c5 2. Nf3 e6 3. d4 cxd4 4. Bg5 Bb4+ 5. c3 dxc3 6. Nxc3 Ne7 7. Rc1 O-O 8. Bd3 Nbc6 9. O-O h6 10. Bh4 d5 11. e5 Bd7 12. a3 Ba5 13. Nb5 Qb8 14. b4 Bb6 15. Nd6 Ng6 16. Bg3 Bc7 17. b5 Nce7 18. Re1 Bxd6 19. exd6 Nf5 20. Bxf5 exf5 21. h4 f4 22. Bh2 Qxd6 23. h5 Ne7 24. Qd2 Be6 25. Bxf4 Qxa3 26. Nd4 Rac8 27. Ra1 Qc3 28. Qxc3 Rxc3 29. Rxa7 Rc4 30. Nxe6 fxe6 31. Bd6 Nc8 32. Bxf8 Nxa7 33. Bd6 Nxb5 34. Be5 Re4 35. Rxe4 dxe4 36. Kf1 Kf7 37. Ke2 g6 38. g4 Na3 39. Bf4 g5 40. Be5 Nc4 41. Bc3 b5 42. f3 exf3+ 43. Kxf3 Nb6 44. Ke4 Nd5 45. Bd2 b4 46. Kd4 b3 47. Bc1 Nf6 48. Kc4 Nxg4 49. Kxb3 Nf6 50. Kc4 Nxh5 51. Kd3 Nf6 52. Ke2 Kg6 53. Kf3 Kf5 54. Kg2 h5 0-1

[Event "December 12 Early 2023"]
[Site "https://www.chess.com"]
[Date "2023.12.12"]
[Round "3"]
[White "Zemlyanskii, Ivan"]
[Black "Gormally, Daniel W"]
[Result "1-0"]
[Board "8"]
[TimeControl "180+1"]
[WhiteFideId "24249971"]
[BlackFideId "406465"]
[WhiteElo "3045"]
[BlackElo "2761"]
[WhiteTeam "RUS"]
[BlackTeam "ENG"]
[WhiteClock "0:00:26"]
[BlackClock "0:01:05"]

1. d4 Nf6 2. c4 e6 3. Bf4 b6 4. Nc3 Bb4 5. Qc2 Bb7 6. e3 O-O 7. Ne2 d5 8. cxd5 Nxd5 9. Bg3 c5 10. dxc5 Bxc5 11. Rd1 Qe7 12. Nxd5 Bxd5 13. Nc3 Bb7 14. Bd3 Bxg2 15. Rg1 Bf3 16. Bxh7+ Kh8 17. Be4 Bxe4 18. Qxe4 Nd7 19. Qg4 f5 20. Qh5+ Kg8 21. Bh4 Nf6 22. Qg6 Qf7 23. Bxf6 Qxg6 24. Rxg6 Rxf6 25. Rxf6 gxf6 26. Nb5 e5 27. Rd7 a6 28. Nc7 Ra7 29. Nd5 Rxd7 30. Nxf6+ Kf7 31. Nxd7 Bd6 32. Nxb6 e4 33. h3 Ke6 34. Nc4 1-0

[Event "December 12 Early 2023"]
[Site "https://www.chess.com"]
[Date "2023.12.12"]
[Round "3"]
[White "Haug, Havard"]
[Black "Xiong, Jeffery"]
[Result "0-1"]
[Board "9"]
[TimeControl "180+1"]
[WhiteFideId "1547887"]
[BlackFideId "2047640"]
[WhiteElo "2757"]
[BlackElo "3042"]
[WhiteTeam "NOR"]
[BlackTeam "USA"]
[WhiteClock "0:01:05"]
[BlackClock "0:02:20"]

1. e4 c5 2. c3 e6 3. d4 cxd4 4. cxd4 d5 5. exd5 exd5 6. Nf3 Nc6 7. Bd3 Bg4 8. O-O Bb4 9. a3 Ba5 10. h3 Bh5 11. Be2 Nge7 12. Ne5 Bxe2 13. Qxe2 O-O 14. Qg4 Qc8 15. Nxc6 Nxc6 16. Qh5 Nxd4 17. Qxd5 Ne2+ 18. Kh1 Nxc1 19. Qxa5 Nb3 20. Qd5 Nxa1 21. Nc3 Rd8 22. Qg5 Nb3 23. Ne4 Qc6 24. Ng3 h6 25. Qg4 Qg6 26. Qb4 Qb6 27. Qg4 Nd4 28. Nh5 Qg6 29. Qh4 Nf5 30. Nf4 Nxh4 31. Nxg6 Nxg6 32. Kh2 Rd2 33. Kh1 Rxb2 34. Kh2 Rd8 35. Kh1 Rdd2 36. Kh2 Rxf2 37. Kh1 Rxf1+ 38. Kh2 Rff2 39. Kh1 Rxg2 40. a4 Nh4 41. a5 Rb1# 0-1

[Event "December 12 Early 2023"]
[Site "https://www.chess.com"]
[Date "2023.12.12"]
[Round "3"]
[White "Sarana, Alexey"]
[Black "Kozak, Antoni"]
[Result "1-0"]
[Board "10"]
[TimeControl "180+1"]
[WhiteFideId "24133795"]
[BlackFideId "21832030"]
[WhiteElo "3031"]
[BlackElo "2747"]
[WhiteTeam "SRB"]
[BlackTeam "POL"]
[WhiteClock "0:01:22"]
[BlackClock "0:00:05"]

1. d4 Nf6 2. c4 e6 3. Nc3 d5 4. Bg5 Be7 5. e3 h6 6. Bxf6 Bxf6 7. cxd5 exd5 8. Qb3 c6 9. Bd3 Qb6 10. Qc2 Na6 11. a3 Nc7 12. Nf3 Ne6 13. O-O O-O 14. h3 Re8 15. b4 a6 16. Na4 Qd8 17. Nc5 Ng5 18. Nxg5 hxg5 19. Bh7+ Kf8 20. Bf5 g6 21. Bxc8 Qxc8 22. Qd1 Kg7 23. Rc1 Rh8 24. Qg4 Qc7 25. Qd7 Qxd7 26. Nxd7 Be7 27. Nc5 Rhb8 28. Nb3 Bd6 29. Na5 f5 30. Rc3 Ra7 31. g3 Re8 32. Kg2 Re7 33. Rh1 Ra8 34. h4 gxh4 35. Rxh4 g5 36. Rh3 Kg6 37. Rc1 f4 38. gxf4 gxf4 39. Rch1 fxe3 40. fxe3 Rg8 41. Kf3 Kf6 42. Rh6+ Rg6 43. Rxg6+ Kxg6 44. Rh8 Rf7+ 45. Ke2 Rd7 46. Ra8 Re7 47. Kd3 Bh2 48. Rh8 Bg1 49. Rg8+ Rg7 50. Rxg7+ Kxg7 51. Nxb7 Kf6 52. Na5 Ke6 53. Nxc6 Kd6 54. Nb8 Kc7 55. Nxa6+ 1-0

[Event "December 12 Early 2023"]
[Site "https://www.chess.com"]
[Date "2023.12.12"]
[Round "3"]
[White "Rychkov, Oleg"]
[Black "Paravyan, David"]
[Result "0-1"]
[Board "11"]
[TimeControl "180+1"]
[WhiteFideId "4122852"]
[BlackFideId "4194985"]
[WhiteElo "2746"]
[BlackElo "3022"]
[WhiteTeam "RUS"]
[BlackTeam "FID"]
[WhiteClock "0:00:00"]
[BlackClock "0:01:11"]

1. e4 e5 2. Bc4 Nf6 3. d3 c6 4. Nf3 d5 5. Bb3 a5 6. a3 a4 7. Ba2 Bd6 8. Nc3 d4 9. Ne2 c5 10. c3 Nc6 11. O-O Be6 12. Bxe6 fxe6 13. cxd4 cxd4 14. Bg5 O-O 15. Rc1 Qb6 16. Nd2 Qa6 17. Nc4 Bc7 18. Ng3 h6 19. Bxf6 Rxf6 20. Qg4 Kh7 21. h4 Raf8 22. h5 Qb5 23. Ne2 Qb3 24. Qh3 R8f7 25. Rfd1 Rxf2 26. Qxe6 Bd8 27. Qg6+ Kg8 28. Ng3 Bg5 29. Nf5 R2xf5 30. exf5 Bxc1 31. Rxc1 Qxd3 32. Nd6 Qe3+ 33. Kh2 Qf4+ 34. Kh3 Rf6 35. Qe8+ Kh7 36. Re1 d3 37. Nf7 Qxf5+ 38. g4 Qf3+ 0-1